 Dungeon Crawl Stone Soup version 0.30-a0-939-gc8157cb160 (webtiles) character file.

Game seed: 15297321548544019580

86323 holysushi the Apostle (level 15, -4/131 (135) HPs)
             Began as a Hill Orc Monk on Mar 24, 2023.
             Was a High Priest of Beogh.
             Killed from afar by a deep elf pyromancer (49 damage)
             ... with a bolt of fire
             ... on level 1 of the Elven Halls on Mar 25, 2023.
             The game lasted 01:15:45 (31835 turns).

holysushi the Apostle (Hill Orc Monk)              Turns: 31835, Time: 01:15:46

HP:   -4/131 (135)  AC:  9    Str: 22    XL:     15   Next: 86%
MP:   0/27          EV: 22    Int: 13    God:    Beogh [*****.]
Gold: 706           SH: 21    Dex: 16    Spells: 20/20 levels left

rFire   x . .      SeeInvis .    K - +4 war axe (spect)
rCold   + . .      Faith    .    e - +3 tower shield {reflect}
rNeg    . . .      Spirit   +    Z - +0 robe of Munilile {rPois Dex+3}
rPois   +          Reflect  +    P - +2 helmet
rElec   +          Rampage  .    J - +0 cloak
rCorr   .                        B - +1 pair of gloves
Will    ++...                    w - +0 pair of boots
Stlth   +                        h - amulet of guardian spirit
HPRegen 0.41/turn                X - +5 ring of evasion
MPRegen 0.20/turn                T - ring "Paeffis" {Ice rElec Will+ Int+3}

@: on fire, hasted, glowing, lightly drained, very quick
A: walk on water
a: Renounce Religion, Smiting, Recall Orcish Followers, Give Item to Named
Follower


You were on level 1 of the Elven Halls.
You worshipped Beogh.
Beogh was extremely pleased with you.
You visited 5 branches of the dungeon, and saw 24 of its levels.
You also visited: Bailey and Ice Cave.

You collected 2450 gold pieces.
You spent 1744 gold pieces at shops.

Inventory:

Hand Weapons
 c - a +3 glaive
 m - a +0 glaive of protection
 q - a +0 bardiche
 z - a +0 longbow
 K - a +4 spectral war axe (weapon)
Missiles
 n - 6 javelins (quivered)
 W - a throwing net
Armour
 e - a +3 tower shield of reflection (worn)
 i - a +2 plate armour of fire resistance
 w - a +0 pair of boots (worn)
 B - a +1 pair of gloves (worn)
 J - a +0 cloak (worn)
 P - a +2 helmet (worn)
 V - a +1 kite shield
 Z - the +0 robe of Munilile (worn) {rPois Dex+3}
   (You found it on level 11 of the Dungeon)

   Dex:       It affects your dexterity (+3).
   rPois:     It protects you from poison.
Jewellery
 h - an amulet of guardian spirit (around neck)
 t - the ring "Afea" {Wiz rC+ MP+9}
   (You found it in an ice cave)

   [ring of wizardry]

   It improves your spell success rate.
   rC:        It protects you from cold.
   MP:        It affects your magic capacity (+9).
 R - a +6 ring of dexterity
 T - the ring "Paeffis" (right hand) {Ice rElec Will+ Int+3}
   (You found it on level 9 of the Dungeon)

   [ring of ice]

   It enhances your ice magic.
   Int:       It affects your intelligence (+3).
   rF:        It makes you vulnerable to fire.
   rC:        It protects you from cold.
   rElec:     It insulates you from electricity.
   Will:      It increases your willpower.
 X - a +5 ring of evasion (left hand)
Wands
 a - a wand of roots (10)
 b - a wand of light (17)
 y - a wand of flame (25)
 H - a wand of paralysis (5)
Scrolls
 d - 10 scrolls of teleportation
 g - 5 scrolls of immolation
 k - 2 scrolls of poison
 p - 3 scrolls of identify
 E - a scroll of fog
 M - 4 scrolls of vulnerability
 O - a scroll of magic mapping
Potions
 f - 3 potions of lignification
 o - 5 potions of attraction
 r - 4 potions of resistance
 s - a potion of cancellation
 u - a potion of might
 D - 7 potions of brilliance
 L - a potion of ambrosia
 Q - 5 potions of curing
 S - a potion of haste
 U - 2 potions of mutation
 Y - 2 potions of flight
Miscellaneous
 j - a condenser vane (inert)


   Skills:
 - Level 13.0 Fighting
 - Level 16.0 Axes
 + Level 13.3 Dodging
 - Level 4.0 Stealth
 + Level 12.9 Shields
 - Level 3.4 Spellcasting
 + Level 17.6 Invocations
 - Level 2.0 Evocations


You had 20 spell levels left.
You didn't know any spells.
Your spell library contained the following spells:

 Spells                   Type           Power      Damage    Failure   Level
 Freeze                   Ice            12%        1d3       69%         1
 Kiss of Death            Conj/Necr      8%         2d6       69%         1
 Magic Dart               Conj           8%         1d3       69%         1
 Necrotise                Necr           8%         1d4       69%         1
 Slow                     Hex            8%         N/A       69%         1
 Blink                    Tloc           4%         N/A       83%         2
 Cigotuvi's Dreadful Rot  Necr/Pois/Air  4%         N/A       83%         2
 Ensorcelled Hibernation  Hex/Ice        6%         N/A       83%         2
 Passwall                 Tmut/Erth      1%         N/A       83%         2
 Searing Ray              Conj           4%         2d4       83%         2
 Sublimation of Blood     Necr           2%         N/A       83%         2
 Wereblood                Tmut           2%         N/A       83%         2
 Confusing Touch          Hex            2%         N/A       96%         3
 Frozen Ramparts          Ice            6%         1d1       96%         3
 Gell's Gravitas          Tloc           2%         N/A       96%         3
 Hailstorm                Conj/Ice       3%         3d3       96%         3
 Ignite Poison            Fire/Tmut/Pois 2%         N/A       96%         3
 Kindle Blastsparks       Fire/Tloc/Air  4%         2d10      96%         3
 Spider Form              Tmut/Pois      2%         N/A       96%         3
 Swiftness                Air            2%         N/A       96%         3
 Teleport Other           Tloc           2%         N/A       96%         3
 Tukima's Dance           Hex            2%         N/A       96%         3
 Vampiric Draining        Necr           2%         2d6       96%         3
 Anguish                  Hex/Necr       1%         N/A       100%        4
 Dispel Undead            Necr           2%         3d7       100%        4
 Fulminant Prism          Conj/Hex       1%         3d5       100%        4
 Manifold Assault         Tloc           2%         N/A       100%        4
 Passage of Golubria      Tloc           2%         N/A       100%        4
 Agony                    Necr           2%         N/A       100%        5
 Alistair's Intoxication  Tmut/Pois      1%         N/A       100%        5
 Borgnjor's Vile Clutch   Necr/Erth      1%         N/A       100%        5
 Freezing Cloud           Conj/Ice/Air   1%         6-21      100%        5
 Yara's Violent Unravell  Hex/Tmut       1%         3d3       100%        5
 Death Channel            Necr           1%         N/A       100%        6
 Dispersal                Tloc           1%         N/A       100%        6
 Eringya's Noxious Bog    Tmut/Pois      1%         N/A       100%        6
 Storm Form               Tmut/Air       1%         N/A       100%        7
 Summon Hydra             Summ           1%         N/A       100%        7


Dungeon Overview and Level Annotations

Branches:
Dungeon (15/15) Zot: 26102  Temple (1/1) D:7 Zot: 5923    Lair (5/5) D:10 Zot: 22785
 Shoals (0/4) Lair:2        Snake (0/4) Lair:2        Slime (0/5) Lair:4
    Orc (2/2) D:12 Zot: 10541     Elf (1/3) Orc:2 Zot: 5459  Vaults (0/5) D:14
 Bailey (visited)           IceCv (visited)
 Depths: D:15

Altars:
Ashenzari
Cheibriados
Dithmenos
Elyvilon
Gozag
Hepliaklqana
Kikubaaqudgha
Makhleb
Nemelex Xobeh
Okawaru
Qazlal
Ru
Sif Muna
Trog
Uskayaw
Vehumet
Wu Jian
Xom
Yredelemnul
Zin
The Shining One
Beogh
Jiyva

Shops:
D:13 (   D:14 *(   D:15 !   Orc:1 *=[   Orc:2 :*!(

Portals:
Trove: D:10 (give 5 scrolls of fog)

Annotations:
D:3 3 runed translucent doors, 123deadman's ghost, amateur OgAE
D:4 1 exclusion
D:5 Edmund
D:7 2 transporters, exclusions: door, downstairs and oklob plant, DiggyJ's ghost, novice OpCj


Message History

The arrow hits the +2 war axe of freezing!!
The +2 war axe of freezing falls from the air.
Beogh accepts your kill.
Your orc warrior looks more experienced.
Your orc knight roars a battlecry!
Orkwin goes into a battle-frenzy!
The fire elemental hits your +4 spectral war axe.
The fire elemental burns your +4 spectral war axe!
Your +4 spectral war axe resists.
Your spectral weapon shares its damage with you!
Orkwin closely misses the deep elf archer.
You block the deep elf death mage's attack.
You see here a +2 war axe of freezing.
You completely miss the deep elf archer.
The deep elf archer is severely wounded.
You miss the deep elf death mage.
The fire elemental hits your orc knight.
The fire elemental burns your orc knight!
The deep elf archer gestures wildly while chanting.
The deep elf archer blinks!
The deep elf pyromancer gestures at you while chanting.
The sticky flame hits you. The fire burns you terribly!
You are covered in liquid flames!
You block the deep elf death mage's attack.
You slash the deep elf death mage!
The deep elf death mage is moderately wounded.
Your +4 spectral war axe hits the deep elf death mage!
You are covered in liquid flames!
The fire elemental barely misses your orc knight.
The deep elf archer unwields a +0 short sword.
The deep elf archer wields a +0 longbow.
The deep elf archer shoots an arrow.
The arrow hits your orc knight!
Your orc knight hits the fire elemental with a +0 mace!
The fire elemental is destroyed!
The fire elemental disappears in a puff of smoke!
The deep elf pyromancer barely misses Orkwin.
The deep elf pyromancer gestures at you while chanting.
The bolt of fire hits Orkwin!!
The bolt of fire hits you!!! The fire burns you terribly!
You die...

.........#######
...............##
##.#.....####...##
#.##...####.....##
#.######.........## ##'##
#.#####§)b.## #...## #.#
#.....# .....## .#
#o.b..# ......## .#
#(@o§.# .......#
#eo°e##....
.......+......eee.°......
.......###...eb)..#####..
......## #.#....#.# ...
####### # ##.###.# #. #
#. #.# # #. #.# # #. .#


You could see a deep elf death mage (ally target), 3 deep elf archers, 2 deep
elf pyromancers, 2 friendly orc knights, the friendly Orkwin the orc knight
(strong) and a friendly +4 spectral war axe (summoned).

Vanquished Creatures
  A deep elf elementalist (Elf:1)
  A white draconian (IceCv)
  6 hydras
  A catoblepas (D:12)
  Harold (D:10)
  A centaur warrior (D:15)
  4 dancing weapons
  2 death yaks
  An ogre mage (D:15)
  2 boulder beetles
  4 two-headed ogres
  5 orc high priests
  A titan zombie (D:15)
  2 deep elf knights (Elf:1)
  2 deep elf archers (Elf:1)
  5 orc knights
  2 lindwurms
  5 deep elf zephyrmancers (Elf:1)
  2 harpies (D:12)
  6 deep elf pyromancers
  3 manticores
  4 orc sorcerers
  12 ugly things
  2 cyclopes
  4 black mambas
  Joseph (D:8)
  A torpor snail (Lair:2)
  Maurice (D:8)
  2 ice statues (IceCv)
  A water nymph (Lair:2)
  An unseen horror (D:12)
  10 cane toads
  6 rime drakes
  6 komodo dragons
  3 kobold demonologists
  A polar bear (Lair:5)
  2 hornets
  7 trolls
  A wind drake (shapeshifter) (D:13)
  Prince Ribbit (D:6)
  2 blink frogs (Lair:5)
  A dream sheep (Lair:5)
  9 slime creatures
  6 spriggans (Lair:5)
  A shadow (D:13)
  A wraith (D:11)
  A basilisk (shapeshifter) (D:15)
  2 wyverns
  2 fire bats (Orc:1)
  33 yaks
  6 basilisks
  A steam dragon (D:8)
  Menkaure (D:7)
  A naga (Lair:2)
  2 acid dragons
  14 water moccasins
  Duvessa (D:6)
  6 black bears
  2 ice beasts
  18 orc warriors
  3 ogres
  4 boggarts (Lair:5)
  12 centaurs
  12 wolves
  2 phantoms
  2 kobold brigands
  14 bullfrogs
  A gnoll sergeant (D:9)
  2 scorpions (D:6)
  10 wights
  Dowan (D:6)
  5 killer bees (D:9)
  2 lindwurm simulacra (IceCv)
  2 vampire bats (D:7)
  3 howler monkeys
  7 electric eels
  4 hounds
  6 komodo dragon simulacra (IceCv)
  5 jellies
  5 orc priests
  Jessica (D:2)
  8 iguanas
  8 orc wizards
  13 gnolls
  9 acid dragon simulacra (IceCv)
  6 adders
  6 white imps
  An ufetubus (D:4)
  4 steam dragon simulacra (IceCv)
  5 worms
  A dart slug (D:4)
  26 orcs
  4 ball pythons
  8 bats
  4 bat skeletons (D:7)
  2 bat zombies (D:7)
  7 endoplasms
  3 giant cockroaches
  16 goblins
  6 hobgoblins
  4 jackals
  14 kobolds
  4 quokkas
  5 frilled lizards
  6 rats
506 creatures vanquished.

Vanquished Creatures (collateral kills)
  Agnes (D:15)
  A hydra (Lair:5)
  2 centaur warriors (D:14)
  3 boulder beetles
  4 two-headed ogres (D:15)
  A vampire mage (D:15)
  4 death yaks
  A golden dragon zombie (D:15)
  8 slime creatures
  2 deep elf pyromancers
  2 deep elf archers (Elf:1)
  3 orc knights
  A deep elf zephyrmancer (Elf:1)
  A necromancer (D:15)
  A harpy (D:12)
  An orc sorcerer (Orc:2)
  2 manticores
  2 black mambas
  A torpor snail (Lair:2)
  6 cane toads
  An efreet (D:14)
  An unseen horror (D:10)
  A rime drake (Lair:2)
  2 polar bears (Lair:5)
  2 blink frogs (Lair:5)
  2 trolls
  3 hornets (Lair:5)
  6 dream sheep (Lair:5)
  A shadow (D:11)
  9 spriggans (Lair:5)
  8 yaks
  A fire bat (Orc:1)
  A wyvern (Lair:5)
  3 basilisks
  A warg (Orc:2)
  A water moccasin (Lair:4)
  4 orc warriors
  2 black bears
  3 ogres
  2 centaurs (D:15)
  18 wolves (Lair:5)
  4 bullfrogs
  A gnoll sergeant (D:11)
  An earth elemental (Elf:1)
  3 wights (D:9)
  An orc priest (Orc:2)
  4 orc wizards
  3 gnolls
  8 white imps (Orc:1)
  2 orcs
  2 kobolds
148 creatures vanquished.

Vanquished Creatures (others)
  3 orc knights
  A deep elf knight (Elf:1)
  7 orc warriors
  A deep elf archer (Elf:1)
  A deep elf zephyrmancer (Elf:1)
  2 orc sorcerers (Orc:2)
  3 orc priests
  6 orc wizards
  An ufetubus (D:6)
  21 orcs
  25 fungi
  58 plants
  13 withered plants
142 creatures vanquished.

Grand Total: 796 creatures vanquished

Notes
Turn   | Place    | Note
-------+----------+-------------------------------------------
     0 | D:1      | holysushi the Hill Orc Monk began the quest for the Orb.
     0 | D:1      | Reached XP level 1. HP: 19/19 MP: 1/1
    97 | D:1      | Reached XP level 2. HP: 18/26 MP: 2/2
   254 | D:1      | Reached skill level 5 in Axes
   428 | D:1      | Found a faded altar of an unknown god.
   846 | D:2      | Reached XP level 3. HP: 31/31 MP: 3/3
  1348 | D:2      | Noticed Jessica
  1357 | D:2      | Killed Jessica
  1358 | D:2      | Reached XP level 4. HP: 16/39 MP: 4/4
  2621 | D:3      | Reached XP level 5. HP: 43/45 MP: 5/5
  2667 | D:3      | Found a radiant altar of Vehumet.
  3002 | D:3      | Found a runed translucent gate.
  3002 | D:3      | Found a runed translucent gate.
  3002 | D:3      | Found a runed translucent gate.
  3005 | D:3      | Noticed 123deadman's ghost (amateur OgAE)
  3016 | D:3      | Identified the +5 whip of the Revolution {drain, rC- Int+4
                  | Dex+4}
  3016 | D:3      | Identified the +2 ring mail "Zepnistri" {Harm Rampage rElec
                  | rPois}
  3152 | D:3      | Found an iron altar of Okawaru.
  3265 | D:3      | Found a roughly hewn altar of Beogh.
  3701 | D:3      | Upgraded the game from 0.30-a0-930-gb9d0489357 to
                  | 0.30-a0-937-ga0a21ad780
  3875 | D:4      | Reached XP level 6. HP: 51/51 MP: 6/6
  4110 | D:4      | Identified the +4 dagger of Compassion {flame, +Blink MP-9
                  | Stlth+}
  4552 | D:4      | Noticed a moth of wrath
  4557 | D:4      | Found a bloodstained altar of Trog.
  5105 | D:5      | Entered Level 5 of the Dungeon
  5185 | D:5      | Reached skill level 10 in Axes
  5185 | D:5      | Reached XP level 7. HP: 42/57 MP: 7/7
  6130 | D:5      | Found a burning altar of Makhleb.
  6130 | D:5      | Found a glowing silver altar of Zin.
  6131 | D:5      | Noticed an angel
  6131 | D:5      | Noticed an Executioner
  6375 | D:5      | Noticed Edmund
  6497 | D:6      | Became a worshipper of Beogh the Brigand
  6497 | D:6      | Reached * piety under Beogh
  6497 | D:6      | Reached ** piety under Beogh
  6510 | D:6      | Reached skill level 1 in Invocations
  6796 | D:6      | Reached skill level 2 in Invocations
  6796 | D:6      | Reached XP level 8. HP: 18/64 MP: 5/9
  7098 | D:6      | Noticed Duvessa
  7161 | D:6      | Killed Duvessa
  7162 | D:6      | Reached skill level 3 in Invocations
  7174 | D:6      | Noticed Dowan
  7266 | D:6      | Killed Dowan
  8385 | D:6      | Noticed Prince Ribbit
  8399 | D:6      | Killed Prince Ribbit
  8651 | D:6      | Found a shimmering blue altar of Sif Muna.
  8702 | D:7      | Found an opulent altar of Gozag.
  8738 | D:7      | Reached XP level 9. HP: 30/70 MP: 11/11
  8756 | D:7      | Noticed Menkaure
  8898 | D:7      | Killed Menkaure
  9003 | D:7      | Found an ancient bone altar of Kikubaaqudgha.
  9053 | D:7      | Found a transporter.
  9060 | D:7      | Noticed DiggyJ's ghost (novice OpCj)
  9076 | D:7      | Noticed a manticore
  9077 | D:7      | Found a transporter.
  9082 | D:7      | Noticed an oklob plant
  9105 | D:7      | Reached skill level 5 in Dodging
  9384 | D:7      | Noticed a two-headed ogre
  9786 | D:7      | Found a staircase to the Ecumenical Temple.
  9880 | Temple   | Entered the Ecumenical Temple
 10065 | D:7      | Reached skill level 1 in Evocations
 10499 | D:8      | Noticed Joseph
 10516 | D:8      | Killed Joseph
 10595 | D:8      | Found a flagged portal.
 10614 | Bailey   | Entered a bailey
 10663 | Bailey   | Reached XP level 10. HP: 65/84 MP: 12/12
 11074 | Bailey   | Noticed a kobold demonologist
 11081 | Bailey   | Noticed a soul eater
 11089 | Bailey   | Killed a kobold demonologist
 11415 | Bailey   | Acquired a manual of Dodging
 11627 | Bailey   | Reached *** piety under Beogh
 11662 | Bailey   | Found an iron altar of Okawaru.
 11663 | Bailey   | Noticed an orc sorcerer
 11664 | Bailey   | Noticed an orc knight
 11671 | Bailey   | Killed an orc sorcerer
 11672 | Bailey   | Reached skill level 15 in Axes
 11679 | Bailey   | Killed an orc knight
 11856 | Bailey   | Identified the +2 ring mail of Absence {-Tele MP+9 Dex+6}
 12235 | D:8      | Noticed Maurice
 12244 | D:8      | Killed Maurice
 12687 | D:9      | Found a sacrificial altar of Ru.
 13040 | D:9      | Reached XP level 11. HP: 91/94 MP: 13/13
 13068 | D:9      | Reached skill level 4 in Invocations
 13332 | D:9      | Reached skill level 5 in Invocations
 13614 | D:9      | Identified the ring "Paeffis" {Ice rElec Will+ Int+3}
 13651 | D:9      | Reached **** piety under Beogh
 14023 | D:10     | Entered Level 10 of the Dungeon
 14023 | D:10     | Noticed Harold
 14246 | D:10     | Found a portal to a secret trove of treasure.
 14271 | D:10     | Reached skill level 1 in Shields
 14294 | D:10     | Killed Harold
 14295 | D:10     | Reached skill level 10 in Dodging
 14295 | D:10     | Reached skill level 6 in Invocations
 14649 | D:10     | Gained Orgrim as an ally
 14735 | D:10     | Reached skill level 5 in Shields
 14813 | D:10     | Found a broken altar of Ashenzari.
 15113 | D:10     | Found a hazy altar of Hepliaklqana.
 15346 | D:10     | Found a staircase to the Lair.
 15463 | D:11     | Noticed a two-headed ogre
 15490 | D:11     | Killed a two-headed ogre
 15526 | D:11     | Reached skill level 7 in Invocations
 15744 | D:11     | Identified the +0 robe of Munilile {rPois Dex+3}
 15792 | D:11     | Your ally Orgrim died
 15995 | D:11     | Reached XP level 12. HP: 94/104 MP: 17/17
 16300 | D:11     | Reached skill level 8 in Invocations
 16890 | Lair:1   | Entered Level 1 of the Lair of Beasts
 17130 | D:10     | Reached skill level 10 in Fighting
 17279 | Lair:1   | Reached skill level 9 in Invocations
 17685 | Lair:1   | Noticed a boulder beetle
 17685 | Lair:1   | Noticed a five-headed hydra
 17685 | Lair:1   | Noticed a death yak
 17696 | Lair:1   | Killed an 11-headed hydra
 17709 | Lair:1   | Killed a boulder beetle
 17842 | Lair:1   | Killed a death yak
 18025 | Lair:1   | Reached skill level 1 in Spellcasting
 18591 | Lair:2   | You fall into a shaft and drop 2 floors!
 18778 | Lair:3   | Reached ***** piety under Beogh
 19271 | Lair:3   | Reached XP level 13. HP: 110/113 MP: 17/19
 19327 | Lair:3   | Gained Zorug as an ally
 19807 | Lair:3   | Reached skill level 10 in Invocations
 20493 | Lair:4   | Found a viscous altar of Jiyva.
 20494 | Lair:4   | Found a staircase to the Slime Pits.
 20909 | Lair:2   | Reached skill level 11 in Invocations
 20915 | Lair:2   | Your ally Zorug died
 20916 | Lair:2   | Gained Wargrak as an ally
 21299 | Lair:2   | Found a staircase to the Snake Pit.
 22729 | Lair:5   | Entered Level 5 of the Lair of Beasts
 22765 | Lair:5   | Gained Oreg as an ally
 23156 | Lair:5   | Reached skill level 12 in Invocations
 23247 | Lair:5   | Identified the +0 pair of gloves of the Gardener {Harm}
 23435 | Lair:5   | Reached XP level 14. HP: 95/127 MP: 23/23
 24136 | Lair:5   | Reached skill level 13 in Invocations
 24224 | Lair:5   | Identified the staff of death "Kemeowia" {rN+ SInv}
 24878 | D:12     | You fall into a shaft and drop 1 floor!
 25429 | D:12     | Identified the +3 robe "Ruickys" {rElec rCorr}
 25497 | D:12     | Found a staircase to the Orcish Mines.
 26230 | D:12     | Reached skill level 14 in Invocations
 26719 | D:13     | Upgraded the game from 0.30-a0-937-ga0a21ad780 to
                  | 0.30-a0-939-gc8157cb160
 26796 | D:14     | Found a gate to the Vaults.
 27104 | D:14     | HP: 2/129 [efreet/+1 scimitar of flaming (8)]
 27423 | D:14     | Reached ****** piety under Beogh
 27542 | D:14     | Found Savecir's Overcharged Wands.
 27569 | D:14     | Found Gajyk's Weapon Emporium.
 27577 | D:14     | Bought a +0 glaive of protection for 117 gold pieces
 27597 | D:14     | Bought a wand of light (18) for 1134 gold pieces
 27815 | D:14     | Reached skill level 10 in Shields
 27815 | D:14     | Reached skill level 15 in Invocations
 28339 | D:15     | Entered Level 15 of the Dungeon
 28637 | D:15     | Reached XP level 15. HP: 126/135 MP: 24/26
 28818 | D:15     | Noticed Agnes
 28824 | D:15     | Killed Agnes
 28825 | D:15     | Reached skill level 16 in Invocations
 28825 | D:15     | Found Sutat's Distillery.
 28878 | D:15     | HP: 4/126 [something/bolt of negative energy (18)]
 28927 | D:15     | Your ally Wargrak died
 29229 | Orc:1    | Entered Level 1 of the Orcish Mines
 29360 | Orc:1    | Found Venneer's Armour Shoppe.
 29368 | Orc:1    | Found Duech's Jewellery Shoppe.
 29373 | Orc:1    | Found a frozen archway.
 29448 | IceCv    | Entered an ice cave
 29885 | IceCv    | Gained Oreg as an ally
 29926 | IceCv    | Identified the ring "Afea" {Wiz rC+ MP+9}
 30135 | Orc:1    | Found Seogosio's Assorted Antiques.
 30146 | Orc:1    | Found a roughly hewn altar of Beogh.
 30251 | Orc:2    | Entered Level 2 of the Orcish Mines
 30265 | Orc:2    | Found a staircase to the Elven Halls.
 30500 | Orc:2    | Gained Morun as an ally
 30506 | Orc:2    | Reached skill level 17 in Invocations
 30642 | Orc:2    | Found Lunuyfai's Antique Weapon Boutique.
 30642 | Orc:2    | Found Hyas's Book Boutique.
 30646 | Orc:2    | Found Wufynyu's Distillery.
 30646 | Orc:2    | Found Pibien's Assorted Antiques.
 30651 | Orc:2    | Gained Bogwald as an ally
 30669 | Orc:2    | Your ally Bogwald died
 30672 | Orc:2    | Your ally Morun died
 30866 | Orc:2    | Bought a bardiche for 261 gold pieces
 30866 | Orc:2    | Bought a translucent shortbow for 232 gold pieces
 30866 | Orc:2    | Identified the +6 shortbow of Purpose {drain, Dex+7} (You
                  | bought it in a shop on level 2 of the Orcish Mines)
 30973 | Orc:2    | Found a radiant altar of Vehumet.
 31288 | Elf:1    | Entered Level 1 of the Elven Halls
 31297 | Elf:1    | Noticed a deep elf elementalist
 31305 | Elf:1    | Killed a deep elf elementalist
 31362 | Elf:1    | Gained Orkwin as an ally
 31835 | Elf:1    | Killed from afar by a deep elf pyromancer

Illustrated notes

Levels and vault maps discovered:
D:1:      dpeg_arrival_erosion, layout_basic,
          hellmonk_ecumenical_altar_crossroads, glass_columns_a
D:2:      layout_loops_corners, corexii_leaking_fountain,
          kennysheep_generic_room_7, uniq_jessica
D:3:      layout_basic, nicolae_vehumet_altar_sigil, okawaru_gym_becter,
          biasface_ghost_orc_armoury
D:4:      layout_basic, tgw_trog
D:5:      layout_basic, grunt_temple_overflow_order_and_chaos_2, uniq_edmund
D:6:      layout_loops_ring, amcnicky_altar_gilded, hex_tiny,
          grunt_ministairs_8, chequers_serial_rivers_micro_c,
          uniq_prince_ribbit1, uniq_duvessa
D:7:      minmay_chambers_of_sixes, layout_basic, kennysheep_vampire_church,
          grunt_gozag_statues, minmay_temple_entry_crystal_x, nzn_ghost_randoct,
          feat_on_display, uniq_menkaure
D:8:      layout_loops_ring, enter_bailey_3, uniq_maurice, uniq_joseph
D:9:      layout_roguey, nicolae_overflow_hidden_temple,
          mainiacjoe_overflow_alcove_4
D:10:     layout_loops_cross, nicolae_overflow_crystal_walls,
          general_overflow_altar, lair_entry_dummy, enter_trove_1, uniq_harold
D:11:     layout_irregular_city
D:12:     layout_loops_ring, david_orc_4, gauntlet_entry_generic,
          argonaut_gorgonesque
D:13:     layout_loops_ring
D:14:     layout_irregular_city, erik_vaults_1, hex_medium, serial_shops,
          nicolae_stop_n_shop_1, nicolae_shop_overcharged_wands
D:15:     gammafunk_depths_entry_grave, layout_basic, serial_shops, shop,
          uniq_agnes
Temple:   zaba_magenta_temple
Lair:1:   layout_concentric_octagons, minmay_shattered_shrine,
          grunt_megastairs_3
Lair:2:   layout_cave_pods, nicolae_shoals_entry_flooding,
          guppyfry_snake_entry_garden
Lair:3:   cheibrodos_lair_overgrown_chateau, layout_layer_cave, st_stairs_11,
          lemuel_fruit_tree
Lair:4:   layout_roguey, dpeg_slime_entry_corner
Lair:5:   minmay_lair_end_enchanted_forest, layout_gridlike
Orc:1:    layout_diamond_mine, basic_altar, serial_shops,
          nicolae_shop_hallway_stairs, nicolae_shop_hallway_stairs,
          nicolae_shop_advertising_works [nicolae_subvault_shop_adworks],
          nicolae_volcano_entry_batcave, portal_ice_cave_entry_imps
Orc:2:    st_orc_elflike, layout_caves, basic_altar
Elf:1:    eino_elf_arrival_customs, layout_loops_corners, minmay_elf_demonology,
          grunt_megastairs_4, minmay_shop_star, lemuel_upstairs_altar

Skill      XL: |  1  2  3  4  5  6  7  8  9 10 11 12 13 14 15 |
---------------+----------------------------------------------+-----
Axes           | 5 6 7 8 10 11 13 14 16 | 16.0
Invocations    | 2 3 7 9 12 15 17 | 17.6
Dodging        | 3 6 8 10 13 | 13.3
Evocations     | 2 |  2.0
Fighting       | 6 8 9 10 12 13 | 13.0
Shields        | 5 6 10 12 | 12.9
Spellcasting   | 3 |  3.4
Stealth        | 3 4 |  4.0

Action                     |  1- 3 |  4- 6 |  7- 9 | 10-12 | 13-15 || total
---------------------------+-------+-------+-------+-------+-------++-------
  Melee: Hand axe          |   116 |   212 |   401 |       |       ||   729
         Punch             |     1 |     2 |     7 |     2 |       ||    12
         War axe           |       |       |     4 |   564 |   649 ||  1217
  Throw: Dart              |       |     1 |       |       |       ||     1
 Invoke: Smiting           |       |       |     5 |     2 |    12 ||    19
         Convert to Beogh  |       |       |     1 |       |       ||     1
         Recall Orcish Fol |       |       |       |     5 |    28 ||    33
         Give Item to Name |       |       |       |       |     5 ||     5
         Resurrection      |       |       |       |       |     1 ||     1
  Evoke: Wand              |       |       |     9 |    26 |    18 ||    53
         Condenser vane    |       |       |       |       |     3 ||     3
    Use: Potion            |       |     5 |     4 |     1 |     8 ||    18
         Scroll            |       |    12 |     4 |     7 |    23 ||    46
   Stab: Sleeping          |     1 |     4 |     4 |     3 |     9 ||    21
         Invisible         |       |       |     3 |     5 |     6 ||    14
         Distracted        |       |       |     1 |     1 |    13 ||    15
         Paralysed         |       |       |       |    12 |    11 ||    23
         Confused          |       |       |       |       |     8 ||     8
 Armour: Robe              |    20 |    28 |    38 |    45 |    87 ||   218
  Dodge: Dodged            |    76 |   127 |   235 |   336 |   419 ||  1193
  Block: Kite shield       |       |       |       |   136 |   205 ||   341
         Tower shield      |       |       |       |       |   232 ||   232
         Reflection        |       |       |       |       |    27 ||    27

Table legend: (Time is in decaauts)
 A = Elapsed time spent in this place.
 B = Non-inter-level travel time spent in this place.
 C = Inter-level travel time spent in this place.
 D = Time resting spent in this place.
 E = Time spent auto-exploring this place.
 F = Levels seen in this place.
 G = Mean time per level.
                   A        B        C        D        E       F      G
               +--------+--------+--------+--------+--------+-----+--------+
         Total |  31542 |  29591 |   1951 |   8374 |  13559 |  26 | 1213.2 |
       Dungeon |  20275 |  19008 |   1267 |   5727 |   9274 |  15 | 1351.7 |
        Temple |     76 |     57 |     19 |      0 |     50 |   1 |   76.0 |
          Lair |   7214 |   6610 |    604 |   1198 |   3912 |   5 | 1442.8 |
  Orcish Mines |   1458 |   1398 |     60 |    243 |    272 |   2 |  729.0 |
   Elven Halls |    539 |    539 |      0 |    235 |      0 |   1 |  539.0 |
        Bailey |   1388 |   1388 |      0 |    720 |     45 |   1 | 1388.0 |
      Ice Cave |    588 |    588 |      0 |    251 |      6 |   1 |  588.0 |
               +--------+--------+--------+--------+--------+-----+--------+

Top non-repeatable levels by time:
     D:5: 2044 daAuts
  Lair:3: 1891 daAuts
     D:9: 1756 daAuts
     D:4: 1735 daAuts
    D:14: 1704 daAuts
  Lair:5: 1605 daAuts
     D:2: 1464 daAuts
    D:11: 1462 daAuts
  Lair:1: 1449 daAuts
     D:7: 1440 daAuts
    D:12: 1429 daAuts
     D:6: 1410 daAuts
  Bailey: 1388 daAuts
    D:10: 1338 daAuts
  Lair:2: 1271 daAuts
